 Dungeon Crawl Stone Soup version 0.24-a0-584-g9d6b971ae4 (webtiles) character file.

Game seed: 8720489294822057574, levelgen mode: deterministic

1741 Peloso the Protected (level 8, -2/70 HPs)
             Began as a Minotaur Fighter on Aug 30, 2019.
             Killed by divine providence
             ... invoked by an orc priest
              (11 damage)
             ... on level 6 of the Dungeon.
             The game lasted 00:09:27 (5838 turns).

Peloso the Protected (Minotaur Fighter)             Turns: 5838, Time: 00:09:27

Health: -2/70      AC: 12    Str: 24    XL:     8   Next: 77%
Magic:  7/7        EV:  8    Int:  5    God:
Gold:   233        SH: 12    Dex: 13    Spells: 7/7 levels left

rFire    . . .     SeeInvis .   a - +0 long sword
rCold    . . .     Gourm    .   c - +1 shield
rNeg     . . .     Faith    .   b - +0 chain mail
rPois    .         Spirit   .   (helmet restricted)
rElec    .         Reflect  .   (no cloak)
rCorr    .         Harm     .   C - +0 pair of gloves
MR       .....                  (no boots)
Stlth    ..........             i - amulet of inaccuracy (curse)
HPRegen  0.21/turn              l - +2 ring of dexterity
MPRegen  0.10/turn              q - +2 ring of strength

@: no status effects
A: retaliatory headbutt, horns 2
a: no special abilities


You were on level 6 of the Dungeon.
You were not hungry.

You visited 1 branch of the dungeon, and saw 6 of its levels.

You collected 233 gold pieces.

Inventory:

Hand Weapons
 a - a +0 long sword (weapon)
Armour
 b - a +0 chain mail (worn)
 c - a +1 shield (worn)
 C - a +0 pair of gloves (worn)
Jewellery
 g - a +5 ring of dexterity
 i - a cursed amulet of inaccuracy (around neck)
 l - a +2 ring of dexterity (left hand)
 q - a +2 ring of strength (right hand)
Wands
 h - a wand of flame (36)
Scrolls
 j - 2 scrolls of amnesia
 k - 3 scrolls of teleportation
 n - a scroll of enchant armour
 r - a scroll of magic mapping {unknown}
 t - a scroll of remove curse
 w - a scroll of noise {unknown}
 x - a scroll of vulnerability {unknown}
 y - a scroll of fear {unknown}
 A - a scroll of identify
Potions
 d - 2 potions of might
 e - a potion of heal wounds
 m - a potion of flight
 o - a potion of magic
 p - 2 potions of ambrosia
 s - a potion of brilliance {unknown}
 u - a potion of agility {unknown}
 v - a potion of haste {unknown}
 z - a potion of cancellation {unknown}
 B - a potion of curing {unknown}
Comestibles
 f - 8 rations


   Skills:
 + Level 6.1 Fighting
 + Level 7.7 Long Blades
 + Level 8.0 Armour
 + Level 1.9 Dodging
 + Level 0.3 Stealth
 + Level 7.6 Shields
 + Level 0.5 Evocations


You had 7 spell levels left.
You didn't know any spells.
Your spell library contained the following spells:

 Spells                   Type           Power        Failure   Level  Hunger
 Animate Skeleton         Necr           N/A          100%        1    ##.....
 Pain                     Necr           #...         100%        1    ##.....
 Regeneration             Chrm/Necr      #.........   100%        3    ####...
 Vampiric Draining        Necr           #.........   100%        3    ####...
 Animate Dead             Necr           N/A          100%        4    #####..


Dungeon Overview and Level Annotations

Branches:
Dungeon (6/15)
 Temple: D:4-7

Altars:
Ashenzari
Elyvilon
Fedhas
Gozag
Hepliaklqana
Trog
Uskayaw

Shops:
D:5 (


Innate Abilities, Weirdness & Mutations

You reflexively headbutt those who attack you in melee.
You have a pair of horns on your head.


Message History

The orc warrior is heavily wounded.
The orc warrior hits you with a +0 dire flail of protection!
* * * LOW HITPOINT WARNING * * *
You closely miss the orc warrior.
You headbutt the orc warrior, but do no damage.
The orc warrior is heavily wounded.
You block the orc warrior's attack.
Unknown command.
You hit the orc warrior but do no damage.
Your headbutt misses the orc warrior.
The orc warrior is heavily wounded.
You block the orc warrior's attack.
Unknown command.
You slash the orc warrior!
The orc warrior is almost dead.
The orc warrior hits you with a +0 dire flail of protection!
* * * LOW HITPOINT WARNING * * *
The orc priest mumbles some strange prayers to Beogh against you.
Beogh smites you!
You die...

####.....#
..#.....# .......#
#......# #......#
#...o..# #..o{o#
#o# #@## #..# #
##.# ## #.#####
.## ##.....#######
..#
#............#####
..##
#................<
...#
##......#######...
...# ##......#
####...


You could see an orc warrior, an orc priest and 2 orcs.

Vanquished Creatures
  Pikel (D:5)
  Eustachio (D:5)
  A phantom (D:4)
  3 ogres
  2 bullfrogs (D:6)
  A scorpion (D:5)
  A water moccasin skeleton (D:6)
  An orc priest (D:5)
  2 hounds
  A jelly (D:4)
  5 orc wizards (D:6)
  An iguana (D:6)
  Ijyb (D:3)
  3 worker ants
  A hound skeleton (D:6)
  12 adders
  A shadow imp (D:5)
  2 worms
  4 leopard geckos
  8 orcs
  3 giant cockroaches
  8 goblins
  9 hobgoblins
  2 jackals (D:1)
  6 kobolds
  3 quokkas (D:4)
  A ball python (D:4)
  11 bats
  4 frilled lizards
  13 rats
112 creatures vanquished.

Vanquished Creatures (others)
  An adder skeleton (D:5)
1 creature vanquished.

Grand Total: 113 creatures vanquished

Notes
Turn   | Place    | Note
-------+----------+-------------------------------------------
     0 | D:1      | Peloso the Minotaur Fighter began the quest for the Orb.
     0 | D:1      | Reached XP level 1. HP: 19/19 MP: 0/0
   217 | D:1      | Reached XP level 2. HP: 27/27 MP: 1/1
   426 | D:1      | Reached skill level 4 in Armour
   686 | D:1      | Reached XP level 3. HP: 33/33 MP: 2/2
  1973 | D:3      | Reached XP level 4. HP: 40/40 MP: 3/3
  2032 | D:3      | Found a shattered altar of Ashenzari.
  2136 | D:3      | Found a blossoming altar of Fedhas.
  2257 | D:3      | Noticed Ijyb
  2259 | D:3      | Found a bloodstained altar of Trog.
  2260 | D:3      | Paralysed by Ijyb for 5 turns
  2271 | D:3      | Paralysed by Ijyb for 3 turns
  2285 | D:3      | Killed Ijyb
  2390 | D:3      | Reached XP level 5. HP: 41/47 MP: 4/4
  2426 | D:3      | Found a hide-covered altar of Uskayaw.
  2557 | D:3      | Found a hazy altar of Hepliaklqana.
  2884 | D:4      | HP: 2/47 [orc/+0 flail (3)]
  3274 | D:4      | Noticed an ogre
  3279 | D:4      | Killed an ogre
  3279 | D:4      | Reached skill level 5 in Armour
  3279 | D:4      | Reached skill level 1 in Dodging
  3279 | D:4      | Reached skill level 5 in Shields
  3290 | D:4      | Found an opulent altar of Gozag.
  3344 | D:4      | Noticed a phantom
  3357 | D:4      | Reached XP level 6. HP: 39/55 MP: 5/5
  3386 | D:4      | Reached skill level 5 in Fighting
  4095 | D:4      | Found a white marble altar of Elyvilon.
  4101 | D:4      | Reached skill level 5 in Long Blades
  4101 | D:4      | Reached XP level 7. HP: 35/61 MP: 6/6
  4288 | D:5      | Entered Level 5 of the Dungeon
  4384 | D:5      | Noticed Pikel
  4404 | D:5      | Killed Pikel
  4404 | D:5      | Reached skill level 6 in Armour
  4404 | D:5      | Reached XP level 8. HP: 7/69 MP: 7/7
  4651 | D:5      | Reached skill level 7 in Armour
  4671 | D:5      | Noticed Eustachio
  4689 | D:5      | Killed Eustachio
  4798 | D:5      | Found Bugumm's Weapon Shoppe.
  5824 | D:6      | Reached skill level 8 in Armour
  5838 | D:6      | Killed from afar by an orc priest

Levels and vault maps discovered:
D:1:      onia_arrival_mini_maze_b, layout_basic, serial_bayou_lake_a
D:2:      layout_basic, serial_bayou_ford_a, lemuel_flame_loot_1
D:3:      layout_rooms, nicolae_overflow_crystal_walls,
          lemuel_coloured_pillars_altar, nicolae_ashenzari_panopticon,
          old_standard_altar, first_ration, fedhas_ov_isle_minmay, uniq_ijyb
D:4:      layout_cave_pods, elyvilon_altar_5, nicolae_gozag_seed_capital
D:5:      layout_loops_ring, serial_shops, shop, uniq_eustachio, uniq_pikel
D:6:      layout_cave_pods, lemuel_crystal_altar, kennysheep_mini_moat,
          corner_web_ring, minmay_a_box_with_orc_wizards_in_it

Skill      XL: |  1  2  3  4  5  6  7  8 |
---------------+-------------------------+-----
Fighting       | 4 5 6 |  6.1
Armour         | 4 5 6 8 |  8.0
Shields        | 4 5 6 7 |  7.6
Long Blades    | 3 4 5 6 7 |  7.7
Dodging        | 1 |  1.9
Stealth        | |  0.3
Evocations     | |  0.5

Action                   |  1- 3 |  4- 6 |  7- 9 || total
-------------------------+-------+-------+-------++-------
Melee: Long sword        |   112 |   159 |   179 ||   450
       Headbutt          |    20 |    27 |    40 ||    87
Evoke: Wand              |       |       |     3 ||     3
  Use: Scroll            |     6 |     3 |     1 ||    10
       Potion            |     2 |     2 |       ||     4
  Eat: Chunk             |     3 |     6 |     7 ||    16
Armor: Scale mail        |    56 |       |       ||    56
       Chain mail        |       |    93 |    78 ||   171
Dodge: Dodged            |    33 |    36 |    31 ||   100
Block: Shield            |    65 |   118 |    96 ||   279
       Rpst.: Long sword |    12 |    15 |     6 ||    33

Table legend:
 A = Non-vault XP
 B = Vault XP
 C = Vault XP percentage of total XP
 D = Non-vault monster count
 E = Vault monster count
 F = Vault count percentage of total count
                 A         B        C        D         E       F
            +---------+---------+-------+---------+---------+-------
      Total |    1438 |    1050 |  42.2 |     104 |       8 |   7.1
            +---------+---------+-------+---------+---------+-------
        D:1 |      43 |       0 |   0.0 |      28 |       0 |   0.0
        D:2 |      51 |       0 |   0.0 |      16 |       0 |   0.0
        D:3 |     113 |      36 |  24.2 |      20 |       1 |   4.8
        D:4 |     496 |       0 |   0.0 |      14 |       0 |   0.0
        D:5 |     294 |     843 |  74.1 |      14 |       2 |  12.5
        D:6 |     441 |     171 |  27.9 |      12 |       5 |  29.4
            +---------+---------+-------+---------+---------+-------
